 Seeded DCSS version 0.30-a0-365-ge7f957f1db (webtiles) character file.

Game seed: 6296361568308551635 (custom seed)

1 valliere the Stinger (level 1, 8/8 HPs)
             Began as an Octopode Venom Mage on Nov 16, 2022.
             Quit the game on level 1 of the Dungeon.
             The game lasted 00:00:15 (99 turns).

valliere the Stinger (Octopode Venom Mage)            Turns: 99, Time: 00:00:16

Health: 8/8        AC:  1    Str:  7    XL:     1   Next: 20%
Magic:  3/3        EV: 13    Int: 17    God:
Gold:   0          SH:  0    Dex: 12    Spells: 3/4 levels left

rFire   . . .      SeeInvis .    (no weapon)
rCold   . . .      Faith    .    (no shield)
rNeg    . . .      Spirit   .    (helmet restricted)
rPois   .          Reflect  .    (no amulet)
rElec   .          Harm     .    (no ring)
rCorr   .          Rampage  .    (no ring)
Will    .....                    (no ring)
Stlth   +++.......               (no ring)
HPRegen 0.21/turn                (no ring)
MPRegen 0.08/turn                (no ring)
                                 (no ring)
                                 (no ring)

@: no status effects
A: almost no armour, amphibious, 8 rings, camouflage 1, gelatinous body 1,
(nimble swimmer 1), tentacles, frail 2, wild magic 1
a: no special abilities


You were on level 1 of the Dungeon.
You visited 1 branch of the dungeon, and saw 1 of its levels.

Inventory:

Potions
 a - a potion of magic


   Skills:
 + Level 2.0 Dodging
 + Level 2.7 Stealth
 + Level 2.0 Spellcasting
 + Level 1.0 Transmutations
 + Level 3.6 Poison Magic


You had 3 spell levels left.
You knew the following spells:

 Your Spells              Type           Power      Damage    Failure   Level
a - Sting                 Tmut/Pois      48%        1d5       12%         1

Your spell library contained the following spells:

 Spells                   Type           Power      Damage    Failure   Level
 Poisonous Vapours        Pois/Air       20%        N/A       21%         2
 Mephitic Cloud           Conj/Pois/Air  7%         N/A       43%         3
 Olgreb's Toxic Radiance  Pois           18%        N/A       50%         4


Dungeon Overview and Level Annotations

Branches:
Dungeon (1/15)

Altars:


Innate Abilities, Weirdness & Mutations

You cannot wear most types of armour.
You are amphibious.
You can wear up to eight rings at the same time.
Your skin changes colour to match your surroundings (Stealth+).
Your rubbery body absorbs attacks. (AC +1, EV +1)
((You are camouflaged when in or above water. (Stealth+)))
You have tentacles for arms and can constrict up to eight enemies at once.
You are very frail. (-20% HP)
Your spells are a little harder to cast, but a little more powerful.


Message History

Welcome, valliere the Octopode Venom Mage.
Game seed: 6296361568308551635 (custom seed) Press ? for a list of commands and other information.
Found the octopode corpse of valliere.
Found a staircase leading out of the dungeon.
You open the door.
There is an open door here.
A kobold comes into view. It is wielding a +0 club.
A kobold is nearby!
You can't see any susceptible monsters within range! (Use Z to cast anyway.)
You can't see any susceptible monsters within range! (Use Z to cast anyway.)
The sting hits the kobold but does no damage.
The kobold is poisoned.
The kobold shouts!
You miscast Sting.
You are very lightly contaminated with residual magic.
Nothing appears to happen.
The sting misses the kobold.
The kobold barely misses you.
You barely miss the kobold. Your grab misses the kobold.
The kobold is severely wounded.
You kill the kobold!
No target in view!
Your magical contamination has completely faded away.
Magic restored.
A bat comes into view.
You can't see any susceptible monsters within range! (Use Z to cast anyway.)
The sting hits the bat.
The bat is poisoned.
You kill the bat!
No target in view!
You can't see any susceptible monsters within range! (Use Z to cast anyway.)
b - a bubbling purple potion It was a potion of mutation.
You feel extremely strange.
You feel frail. x2; You feel less in control of your magic.
Are you sure you want to abandon this character and quit the game? (Confirm with "yes".)

#####....######..###...#
..##.†....................#
.........##...............#
........###..#####........#
...##.#......# #........#
.. #...#.8### ###8.....# .
#......+ +.....##
#..##..8### #8....# ...#
#..@..# ....... ..##
##....# .. #...#....
.....####..# ###.### .. ..
. ###


There were no monsters in sight!

Vanquished Creatures
  A bat (D:1)
  A kobold (D:1)
2 creatures vanquished.

Notes
Turn   | Place    | Note
-------+----------+-------------------------------------------
     0 | D:1      | valliere the Octopode Venom Mage began the quest for the
                  | Orb.
     0 | D:1      | Reached XP level 1. HP: 11/11 MP: 3/3
    98 | D:1      | Gained mutation: You are frail. (-10% HP) [potion of
                  | mutation]
    98 | D:1      | Gained mutation: You are very frail. (-20% HP) [potion of
                  | mutation]
    98 | D:1      | Gained mutation: Your spells are a little harder to cast,
                  | but a little more powerful. [potion of mutation]
    99 | D:1      | Quit the game

Illustrated notes

Levels and vault maps discovered:
D:1:      nicolae_arrival_memento_mori, layout_rooms,
          dreamdust_ecumenical_altar_angels_and_demons,
          nicolae_shop_unique_rings, nicolae_figureground_pulse

Action                   || total
-------------------------++-------
Melee: Unarmed           ||     1
 Cast: Sting             ||     3
  Use: Potion            ||     1
Dodge: Dodged            ||     1

Table legend: (Time is in decaauts)
 A = Elapsed time spent in this place.
 B = Non-inter-level travel time spent in this place.
 C = Inter-level travel time spent in this place.
 D = Time resting spent in this place.
 E = Time spent auto-exploring this place.
 F = Levels seen in this place.
 G = Mean time per level.
                   A        B        C        D        E       F      G
               +--------+--------+--------+--------+--------+-----+--------+
         Total |     99 |     99 |      0 |      0 |     82 |   1 |   99.0 |
       Dungeon |     99 |     99 |      0 |      0 |     82 |   1 |   99.0 |
               +--------+--------+--------+--------+--------+-----+--------+

Top non-repeatable levels by time:
     D:1: 99 daAuts
